 Dungeon Crawl Stone Soup version 0.26-a0-393-g67388ea477 (webtiles) character file.

Game seed: 10248700841185961527

10154 KristoblXynda the Covert (level 11, -2/52 HPs)
             Began as a Spriggan Delver on July 22, 2020.
             Was a Believer of Ashenzari.
             Slain by an orc priest
             ... wielding a +0 dagger of electrocution
              (8 damage)
             ... on level 11 of the Dungeon.
             The game lasted 00:30:13 (14461 turns).

KristoblXynda the Covert (Spriggan Delver)         Turns: 14461, Time: 00:30:14

Health: -2/52      AC:  5    Str:  8    XL:     11   Next: 32%
Magic:  21/21      EV: 30    Int: 15    God:    Ashenzari [**....]
Gold:   518        SH:  0    Dex: 24    Spells: 16/22 levels left

rFire    . . .     SeeInvis +   w - +2 short sword (venom) (curse)
rCold    . . .     Faith    .   (shield restricted)
rNeg     . . .     Spirit   .   b - +1 robe
rPois    .         Reflect  .   (helmet restricted)
rElec    .         Harm     .   B - +1 cloak
rCorr    .                      (gloves unavailable)
MR       +....                  (boots unavailable)
Stlth    +++++++...             (no amulet)
HPRegen  0.17/turn              q - ring of stealth
MPRegen  0.17/turn              l - +6 ring of dexterity (curse)

@: very quick
A: very small, unfitting armour, see invisible, speed 3
a: Curse Item, Scrying, Renounce Religion


You were on level 11 of the Dungeon.
You worshipped Ashenzari.
Ashenzari was pleased with you.
You visited 2 branches of the dungeon, and saw 12 of its levels.

You collected 518 gold pieces.

Inventory:

Hand Weapons
 u - a +2 dagger of speed
 w - a cursed +2 short sword of venom (weapon)
 N - a +0 rapier of speed
Missiles
 a - a throwing net (quivered)
Armour
 b - a +1 robe (worn)
 B - a +1 cloak (worn)
 H - a +0 buckler
Jewellery
 l - a cursed +6 ring of dexterity (right hand)
 n - an uncursed ring of protection from magic
 q - a ring of stealth (left hand)
 t - an uncursed ring of flight
 D - a +4 ring of protection
 G - an uncursed ring of resist corrosion
 K - an uncursed ring of positive energy
Wands
 g - a wand of digging (8)
 j - a wand of iceblast (14)
 J - a wand of paralysis (5)
Scrolls
 c - 3 scrolls of fog
 d - 2 scrolls of magic mapping
 e - a scroll of fear
 p - 3 scrolls of remove curse
 x - 5 scrolls of teleportation
 y - 2 scrolls of enchant weapon
 z - 2 scrolls of immolation
 I - a scroll of amnesia
 L - 3 scrolls of identify
 M - a scroll of enchant armour
Potions
 f - 2 potions of haste
 h - a potion of mutation
 i - 3 potions of curing
 k - 4 potions of cancellation
 m - a potion of heal wounds
 o - 4 potions of might
 r - a potion of ambrosia
 s - a potion of invisibility
 v - a potion of resistance
 A - a potion of magic
 E - a potion of flight
 F - a potion of berserk rage


   Skills:
 + Level 3.2 Fighting
 - Level 10.0(12.1) Short Blades
 - Level 11.1 Dodging
 - Level 13.3 Stealth
 + Level 1.1 Shields
 + Level 6.1 Spellcasting
 + Level 3.8 Conjurations
 - Level 10.1 Evocations


You had 16 spell levels left.
You knew the following spells:

 Your Spells              Type           Power        Failure   Level
a - Vampiric Draining     Necr           #.........   41%         3
b - Mephitic Cloud        Conj/Pois/Air  #.......     26%         3

Your spell library contained the following spells:

 Spells                   Type           Power        Failure   Level
 Animate Skeleton         Necr           #.....       14%         1
 Corona                   Hex            #......      14%         1
 Pain                     Necr           #...         14%         1
 Sting                    Tmut/Pois      #...         14%         1
 Poisonous Vapours        Pois/Air       #.....       22%         2
 Slow                     Hex            #.......     22%         2
 Ignite Poison            Fire/Tmut/Pois #.......     41%         3
 Inner Flame              Hex/Fire       #.......     41%         3
 Portal Projectile        Hex/Tloc       #.....       41%         3
 Animate Dead             Necr           #.........   82%         4
 Cause Fear               Hex            #.........   82%         4
 Leda's Liquefaction      Hex/Erth       #.........   82%         4
 Olgreb's Toxic Radiance  Pois           #.......     82%         4
 Agony                    Necr           #.......     99%         5


Dungeon Overview and Level Annotations

Branches:
Dungeon (11/15)            Temple (1/1) D:7            Lair (0/6) D:11
    Orc: D:9-12

Altars:
Ashenzari
Cheibriados
Dithmenos
Elyvilon
Fedhas
Gozag
Hepliaklqana
Kikubaaqudgha
Makhleb
Nemelex Xobeh
Okawaru
Qazlal
Ru
Sif Muna
Trog
Uskayaw
Vehumet
Wu Jian
Xom
Yredelemnul
Zin
The Shining One

Shops:
D:8 }   D:10 }   D:11 :*


Innate Abilities, Weirdness & Mutations

You are very small and have problems with some larger weapons.
You are too small for most types of armour.
You have supernaturally acute eyesight. (SInv)
You cover ground extremely quickly.


Message History

Aiming: Paralyse
Press: ? - help, Shift-Dir - straight line, f - wraith
Aim: a wraith (chance to defeat MR: 37%)
The wraith suddenly stops moving!
There is a stone staircase leading down here.
The helpless wraith fails to defend itself.
You spit the wraith like a pig!!!!
You destroy the wraith!
You close the door.
You start resting.
You feel yourself speed up.
You start resting.
An orc priest comes into view.
It is wielding a +0 dagger of electrocution.
There is an open door here.
You barely miss the orc priest.
The orc priest shouts!
The orc priest hits you with a +0 dagger of electrocution.
* * * LOW HITPOINT WARNING * * *
You are electrocuted!
You die...

........# ,, #............#.
........ *### * #............##
....##'## #..##+##....####.....
....'... , +...>..+....#..#.....
....#.. , #......#....#..#...).
....#'### #......#....'..#.....
........# #..##'##....#..##'###
#+##....#, #..#........#..##....
...'....#####..#@.......#..#.....
...#....#...#. #o.......#..######
####....#..#####........#..# {
........#..#........#####..##,{
........(..#........#.......# ,
........#..'........#.).....+
..........##........#..###..#*
.#########.....######## ..(. * .#
#.....#, ,...... ,*


You could see an orc priest.

Vanquished Creatures
  A hydra (D:11)
  A two-headed ogre (D:9)
  An unseen horror (D:11)
  A cyclops (D:11)
  Psyche (D:9)
  Grinder (D:3)
  A hornet (D:11)
  Sigmund (D:6)
  2 wraiths (D:11)
  A yak (D:11)
  Eustachio (D:4)
  3 wargs (D:11)
  2 acid dragons (D:11)
  Duvessa (D:6)
  3 orc warriors
  A hornet zombie (D:10)
  2 sky beasts
  5 ice beasts
  A necrophage (D:10)
  2 phantoms
  6 ogres
  7 centaurs
  Blork the orc (D:4)
  A crocodile (D:9)
  2 big kobolds
  5 bullfrogs
  2 scorpions
  Dowan (D:6)
  An electric eel (D:11)
  3 howler monkeys
  3 bullfrog zombies
  A centaur zombie (D:8)
  4 jellies
  A quasit (D:10)
  2 hounds
  5 bullfrog skeletons
  3 centaur skeletons
  3 gnoll shamans (D:3)
  12 orc priests
  8 orc wizards
  4 iguanas
  8 worker ants
  A hound zombie (D:11)
  6 adders
  35 gnolls
  A hound simulacrum (D:11)
  2 white imps
  5 ufetubi
  2 oozes
  6 worms
  2 dart slugs
  4 leopard geckos
  27 orcs
  7 bats
  7 giant cockroaches
  12 hobgoblins
  25 jackals
  3 quokkas
  3 ball pythons
  9 frilled lizards
  A giant cockroach zombie (D:4)
  8 goblins
  14 kobolds
  A quokka skeleton (D:7)
  5 rats
301 creatures vanquished.

Notes
Turn   | Place    | Note
-------+----------+-------------------------------------------
     0 | D:5      | KristoblXynda the Spriggan Delver began the quest for the
                  | Orb.
     0 | D:5      | Reached XP level 1. HP: 11/11 MP: 2/2
    16 | D:5      | Noticed a howler monkey
    80 | D:5      | Noticed a howler monkey
    84 | D:5      | Noticed a worker ant
    96 | D:5      | Noticed an iguana
   107 | D:5      | Noticed a jelly
   111 | D:5      | Killed a jelly
   111 | D:5      | Reached XP level 2. HP: 10/16 MP: 3/3
   111 | D:5      | Reached XP level 3. HP: 12/19 MP: 4/4
   451 | D:5      | Reached skill level 8 in Stealth
   592 | D:4      | Reached XP level 4. HP: 23/23 MP: 5/5
   801 | D:4      | Noticed a phantom
   805 | D:4      | Killed a phantom
   805 | D:4      | Reached skill level 5 in Dodging
   805 | D:4      | Reached XP level 5. HP: 27/27 MP: 6/6
   811 | D:4      | Noticed Eustachio
   841 | D:4      | Reached skill level 9 in Stealth
  1223 | D:4      | Noticed Blork the orc
  1227 | D:4      | Killed Blork the orc
  1227 | D:4      | Reached XP level 6. HP: 32/32 MP: 7/7
  1398 | D:4      | Killed Eustachio
  1398 | D:4      | Reached skill level 5 in Short Blades
  1471 | D:4      | Reached XP level 7. HP: 35/35 MP: 8/8
  1509 | D:4      | Reached skill level 10 in Stealth
  2471 | D:3      | Noticed Grinder
  2495 | D:3      | Killed Grinder
  2495 | D:3      | Reached skill level 1 in Evocations
  4012 | D:2      | Found a radiant altar of Vehumet.
  4326 | D:2      | Reached XP level 8. HP: 23/39 MP: 9/9
  5933 | D:3      | Reached skill level 11 in Stealth
  6821 | D:3      | Learned a level 3 spell: Vampiric Draining
  7154 | D:6      | Reached skill level 5 in Evocations
  7163 | D:6      | Noticed Dowan
  7165 | D:6      | Noticed Duvessa
  7169 | D:6      | Noticed Sigmund
  7199 | D:6      | Killed Dowan
  7248 | D:6      | Killed Sigmund
  7248 | D:6      | Reached XP level 9. HP: 27/43 MP: 5/10
  7254 | D:6      | Killed Duvessa
  7254 | D:6      | Reached skill level 12 in Stealth
  7491 | D:6      | Found a white marble altar of Elyvilon.
  8219 | D:7      | Found a staircase to the Ecumenical Temple.
  8243 | Temple   | Entered the Ecumenical Temple
  8315 | Temple   | Became a worshipper of Ashenzari the Shackled
  8605 | D:7      | Reached skill level 10 in Dodging
  9852 | D:8      | Reached skill level 13 in Stealth
 10123 | D:8      | Found Fumirch's Gadget Emporium.
 10198 | D:8      | Reached * piety under Ashenzari
 10386 | D:8      | Reached XP level 10. HP: 47/47 MP: 11/11
 10564 | D:8      | Learned a level 3 spell: Mephitic Cloud
 11061 | D:9      | Noticed Psyche
 11062 | D:9      | Found an iron altar of Okawaru.
 11100 | D:9      | Killed Psyche
 11100 | D:9      | Reached skill level 1 in Spellcasting
 11483 | D:9      | Noticed a two-headed ogre
 11508 | D:9      | Killed a two-headed ogre
 11508 | D:9      | Reached skill level 1 in Conjurations
 11549 | D:9      | Found a shadowy altar of Dithmenos.
 11716 | D:9      | Found an iron altar of Okawaru.
 11836 | D:10     | Entered Level 10 of the Dungeon
 11976 | D:10     | Reached ** piety under Ashenzari
 12282 | D:10     | Found Ompa's Gadget Shoppe.
 12547 | D:11     | Found Soamoyl's Book Emporium.
 12982 | D:11     | Noticed a four-headed hydra
 13030 | D:11     | Killed a four-headed hydra
 13072 | D:11     | Reached skill level 5 in Spellcasting
 13331 | D:11     | Reached XP level 11. HP: 51/51 MP: 19/19
 13511 | D:11     | Reached skill level 10 in Short Blades
 13558 | D:11     | Noticed an unseen horror
 13597 | D:11     | Reached skill level 10 in Evocations
 13714 | D:11     | Killed an unseen horror
 13806 | D:11     | Found a staircase to the Lair.
 14157 | D:11     | Found Muebai Xuca's General Store.
 14413 | D:11     | Reached skill level 1 in Shields
 14461 | D:11     | Slain by an orc priest

Illustrated notes

Levels and vault maps discovered:
D:1:      sevenhm_arrival_forest_fort_large_4, layout_rooms
D:2:      layout_loops_ring, overflow_temple_1_default
D:3:      lemuel_castle_with_subvaults [lemuel_castle_interior_carwin_3],
          layout_basic, uniq_grinder
D:4:      layout_basic, uniq_eustachio, uniq_blork_the_orc
D:5:      layout_rooms
D:6:      layout_cave_pools, kennysheep_mini, uniq_sigmund, uniq_duvessa
D:7:      cheibrodos_quashed, layout_basic, minmay_temple_entry_glassed_door,
          kennysheep_decorative_pillar
D:8:      layout_loops_ring, serial_shops, shop
D:9:      layout_roguey, lemuel_doored_altar, okawaru_altar_gauntlet_db,
          basic_altar, lemuel_flame_loot_1, uniq_psyche
D:10:     layout_basic, serial_shops, shop
D:11:     layout_gridville, erik_lair_orcish_takeover, serial_ice, serial_ice_i,
          serial_ice_m, serial_ice_n, serial_ice_c, serial_shops,
          nicolae_shop_statue_plus, nicolae_shop_temple_entry_statues_fountains,
          uniq_josephine
Temple:   dpeg_five_rooms_temple

Skill      XL: |  1  2  3  4  5  6  7  8  9 10 11 |
---------------+----------------------------------+-----
Short Blades   | 3 4 5 6 7 8 9 10 | 10.0
Dodging        | 4 5 6 8 9 11 | 11.1
Stealth        | 8 9 10 11 13 | 13.3
Evocations     | 2 5 7 9 10 | 10.1
Spellcasting   | 5 6 |  6.1
Conjurations   | 3 |  3.8
Fighting       | 3 |  3.2
Shields        | 1 |  1.1

Action                   |  1- 3 |  4- 6 |  7- 9 | 10-12 || total
-------------------------+-------+-------+-------+-------++-------
Melee: Short sword       |    10 |    83 |   304 |   409 ||   806
       Dagger            |       |       |   887 |       ||   887
Invok: Curse Item        |       |       |     2 |       ||     2
Evoke: Wand              |       |       |    10 |    16 ||    26
  Use: Scroll            |     3 |     1 |    16 |     2 ||    22
       Potion            |       |       |     1 |       ||     1
 Stab: Sleeping          |     4 |     6 |    48 |    15 ||    73
       Distracted        |       |       |     8 |     1 ||     9
       Paralysed         |       |       |       |     4 ||     4
Armor: Robe              |       |     2 |    38 |    18 ||    58
Dodge: Dodged            |     2 |    67 |   743 |   311 ||  1123

Table legend: (Time is in decaauts)
 A = Elapsed time spent in this place.
 B = Non-inter-level travel time spent in this place.
 C = Inter-level travel time spent in this place.
 D = Time resting spent in this place.
 E = Time spent auto-exploring this place.
 F = Levels seen in this place.
 G = Mean time per level.
                   A        B        C        D        E       F      G
               +--------+--------+--------+--------+--------+-----+--------+
         Total |  10852 |  10560 |    292 |   4746 |   2948 |  12 |  904.3 |
       Dungeon |  10703 |  10440 |    263 |   4746 |   2837 |  11 |  973.0 |
        Temple |    149 |    121 |     28 |      0 |    111 |   1 |  149.0 |
               +--------+--------+--------+--------+--------+-----+--------+

Top non-repeatable levels by time:
     D:3: 2219 daAuts
    D:11: 1546 daAuts
     D:2: 1093 daAuts
     D:8: 1087 daAuts
     D:4: 1021 daAuts
     D:6: 791 daAuts
     D:7: 760 daAuts
     D:9: 690 daAuts
     D:5: 592 daAuts
    D:10: 468 daAuts
     D:1: 431 daAuts
  Temple: 149 daAuts
